 Dungeon Crawl Stone Soup version 0.31-a0-1074-g0b22e4e0f1 (webtiles) character file.

Game seed: 924120486176948770

879 javelincjr the Magician (level 7, 0/40 HPs)
             Began as a Deep Elf Conjurer on Nov 29, 2023.
             Was an Initiate of Sif Muna.
             Slain by a yak (8 damage)
             ... on level 5 of the Dungeon.
             The game lasted 00:11:27 (2880 turns).

javelincjr the Magician (Deep Elf Conjurer)         Turns: 2880, Time: 00:11:28

Health: 0/40       AC:  8    Str:  4    XL:     7   Next: 75%
Magic:  1/20       EV: 13    Int: 31    God:    Sif Muna [......]
Gold:   266        SH:  0    Dex: 13    Spells: 18/21 levels left

rFire   . . .        w - +1 whip (elec)
rCold   . . .        (no shield)
rNeg    . . .        a - +0 robe
rPois   .            t - +0 helmet
rElec   .            (no cloak)
rCorr   .            (no gloves)
SInv    .            d - +0 pair of boots
Will    .....        j - amulet of magic regeneration
Stlth   +++          k - +6 ring of intelligence
HPRegen 0.26/turn    s - +4 ring of protection
MPRegen 0.57/turn

%: no passive effects
@: no status effects
A: no striking features
a: Renounce Religion


You were on level 5 of the Dungeon.
You worshipped Sif Muna.
Sif Muna was noncommittal.
You visited 2 branches of the dungeon, and saw 6 of its levels.

You collected 266 gold pieces.

Inventory:

Hand Weapons
 q - a +0 dagger
 w - a +1 whip of electrocution (weapon)
Armour
 a - a +0 robe (worn)
 d - a +0 pair of boots (worn)
 t - a +0 helmet (worn)
Jewellery
 j - an amulet of magic regeneration (around neck)
 k - a +6 ring of intelligence (left hand)
 s - a +4 ring of protection (right hand)
Wands
 v - a wand of flame (21)
 x - a wand of polymorph (3)
Scrolls
 f - a scroll of teleportation {unknown}
 g - 2 scrolls of fog {unknown}
 h - 2 scrolls of fear {unknown}
 i - 2 scrolls of silence {unknown}
 n - 3 scrolls of identify {unknown}
 o - a scroll of enchant armour {unknown}
 p - a scroll of torment {unknown}
Potions
 b - a potion of magic
 c - 2 potions of berserk rage {unknown}
 e - 2 potions of lignification {unknown}
 l - 2 potions of curing {unknown}
 m - a potion of might {unknown}
 r - a potion of degeneration {unknown}
 u - a potion of brilliance {unknown}
 z - a potion of heal wounds {unknown}
 A - a potion of mutation {unknown}
 B - a potion of attraction {unknown}
 C - a potion of haste {unknown}


   Skills:
 + Level 2.2 Fighting
 + Level 5.0 Dodging
 + Level 5.2 Stealth
 * Level 7.5 Spellcasting
 + Level 6.0 Conjurations


You had 18 spell levels left.
You knew the following spells:

 Your Spells              Type           Power      Damage    Failure   Level
a - Magic Dart            Conj           100%       1d8       1%          1
b - Searing Ray           Conj           96%        2d7       1%          2

Your spell library contained the following spells:

 Spells                   Type           Power      Damage    Failure   Level
 Dazzling Flash           Conj/Hex       60%        N/A       3%          3
 Wereblood                Tmut           11%        N/A       6%          2
 Fulminant Prism          Conj/Hex       15%        3d10      12%         4
 Iskenderun's Mystic Bla  Conj/Tloc      30%        2d8       12%         4
 Gell's Gravitas          Tloc           11%        N/A       13%         3
 Teleport Other           Tloc           11%        N/A       13%         3
 Irradiate                Conj/Tmut      15%        3d16      34%         5
 Dispersal                Tloc           5%         N/A       100%        6


Dungeon Overview and Level Annotations

Branches:
Dungeon (5/15)             Temple (1/1) D:4

Altars:
Elyvilon
Kikubaaqudgha
Nemelex Xobeh
Ru
Sif Muna
Trog
Uskayaw
Wu Jian
Xom
Yredelemnul
Zin
The Shining One

Annotations:
D:4 3 runed translucent doors, Rudyous's ghost, novice DjIE


Message History

Press: ? - help, Shift-Dir - straight line, f/p - yak
Aim: a yak (almost dead, 89% to hit)
The searing ray hits the yak but does no damage.
The yak is almost dead.
The searing ray hits the yak!
You kill the yak!
Sif Muna accepts your kill.
The searing ray hits the yak!
The yak is heavily wounded. (Press . to maintain the ray.)
The yak snorts and paws the ground.
The yak barely misses you.
Your Fighting skill increases to level 2!
Your Stealth skill increases to level 5!
Your Spellcasting skill increases to level 7!
The searing ray hits the yak but does no damage.
The yak is almost dead.
The searing ray hits the yak!
The yak is severely wounded.
The yak gores you.
* * * LOW HITPOINT WARNING * * *
The searing ray hits the yak.
You kill the yak!
Sif Muna accepts your kill.
The searing ray hits the yak.
The yak is severely wounded.
Your Dodging skill increases to level 5!
Your Conjurations skill increases to level 6!
Aiming: Throw Flame
Press: ? - help, Q - select action, (/) - cycle Shift-Dir - straight line, f - yak
Aim: a yak (severely wounded, 81% to hit)
The puff of flame hits the yak.
The yak is almost dead.
The yak misses you.
Aiming: Throw Flame
Press: ? - help, Q - select action, (/) - cycle Shift-Dir - straight line, f/p - yak
Aim: a yak (almost dead, 81% to hit)
The puff of flame misses the yak.
The yak gores you!
You die...

##.##.##################
...##...........<......#
######################.#
.... #.# #### #.# #.#
#.# ###########.#
#..†Y@......#
#.########..# #.#
#.......# #
##Y###.####..#
####.######...##.# #..#
.Y.....Y.†.......####..#
######.###...#..#.....#
#.###...#..#.##..#
#.....#....#.##..##


You could see a yak.

Vanquished Creatures
  5 yaks (D:5)
  A hound (D:5)
  Ijyb (D:3)
  3 orc wizards
  Robin (D:2)
  A worm (D:2)
  A dart slug (D:2)
  6 orcs
  3 endoplasms
  A giant cockroach (D:4)
  15 goblins
  8 hobgoblins
  3 jackals (D:1)
  2 quokkas
  4 ball pythons
  3 bats
  4 frilled lizards
  3 kobolds
  4 rats
69 creatures vanquished.

Notes
Turn   | Place    | Note
-------+----------+-------------------------------------------
     0 | D:1      | javelincjr the Deep Elf Conjurer began the quest for the
                  | Orb.
     0 | D:1      | Reached XP level 1. HP: 10/10 MP: 6/6
   510 | D:1      | Reached XP level 2. HP: 15/15 MP: 1/8
  1046 | D:2      | Learned a level 2 spell: Searing Ray
  1077 | D:2      | Noticed Robin
  1080 | D:2      | Reached XP level 3. HP: 13/19 MP: 1/10
  1080 | D:2      | Killed Robin
  1081 | D:2      | Reached skill level 4 in Spellcasting
  1129 | D:2      | Found a glowing silver altar of Zin.
  1526 | D:2      | Found a faded altar of an unknown god.
  1750 | D:3      | Reached XP level 4. HP: 23/24 MP: 6/12
  1849 | D:3      | Noticed Ijyb
  1856 | D:3      | Killed Ijyb
  2007 | D:3      | Found a glowing golden altar of the Shining One.
  2047 | D:3      | Reached skill level 5 in Conjurations
  2201 | D:4      | Found a staircase to the Ecumenical Temple.
  2211 | Temple   | Entered the Ecumenical Temple
  2240 | Temple   | Became a worshipper of Sif Muna the Loreminder
  2295 | D:4      | Found a runed translucent gate.
  2296 | D:4      | Found a runed translucent gate.
  2296 | D:4      | Found a runed translucent gate.
  2296 | D:4      | Noticed Rudyous's ghost (novice DjIE)
  2296 | D:4      | Noticed a kobold brigand
  2386 | D:4      | Reached skill level 5 in Spellcasting
  2386 | D:4      | Reached XP level 5. HP: 28/28 MP: 9/14
  2649 | D:5      | Entered Level 5 of the Dungeon
  2700 | D:5      | Found a sacrificial altar of Ru.
  2840 | D:5      | Noticed a yak
  2840 | D:5      | Noticed a yak
  2852 | D:5      | Killed a yak
  2852 | D:5      | Noticed a yak
  2853 | D:5      | Reached skill level 1 in Fighting
  2853 | D:5      | Reached skill level 6 in Spellcasting
  2853 | D:5      | Reached XP level 6. HP: 19/34 MP: 9/17
  2857 | D:5      | Killed a yak
  2857 | D:5      | Noticed a yak
  2859 | D:5      | Noticed a yak
  2860 | D:5      | Noticed a yak
  2863 | D:5      | Killed a yak
  2864 | D:5      | Reached XP level 7. HP: 12/39 MP: 1/19
  2876 | D:5      | Killed a yak
  2877 | D:5      | Reached skill level 5 in Stealth
  2877 | D:5      | Reached skill level 7 in Spellcasting
  2878 | D:5      | Killed a yak
  2879 | D:5      | Reached skill level 5 in Dodging
  2880 | D:5      | Slain by a yak

Illustrated notes

Levels and vault maps discovered:
D:1:      dpeg_arrival_castle, layout_basic, bh_walls_and_bars
D:2:      layout_loops_ring, ebering_ecumenical_altar_abandoned, basic_altar,
          uniq_robin
D:3:      layout_rooms, mainiacjoe_overflow_concentric_impassable, uniq_ijyb
D:4:      layout_rooms, minmay_temple_entry_grid, gammafunk_ghost_nasty_kobolds,
          wad_floor_pattern_1
D:5:      layout_loops_ring, minmay_overflow_temple_star_hex,
          mainiacjoe_overflow_six_doors_small,
          gammafunk_temple_overflow_elements
Temple:   chequers_temple_sunken

Skill      XL: |  1  2  3  4  5  6  7 |
---------------+----------------------+-----
Stealth        | 3 4 5 |  5.2
Spellcasting   | 4 5 6 7 |  7.5
Dodging        | 3 4 5 |  5.0
Conjurations   | 5 6 |  6.0
Fighting       | 1 2 |  2.2

Action                     |  1- 3 |  4- 6 |  7- 9 || total
---------------------------+-------+-------+-------++-------
  Melee: Unarmed           |     4 |       |       ||     4
         Dagger            |     2 |       |       ||     2
   Cast: Magic Dart        |    68 |    54 |       ||   122
         Searing Ray       |     4 |    10 |     2 ||    16
  Evoke: Wand              |       |       |     2 ||     2
 Armour: Robe              |     8 |    10 |     4 ||    22
  Dodge: Dodged            |     4 |     7 |     6 ||    17

Table legend: (Time is in decaauts)
 A = Elapsed time spent in this place.
 B = Non-inter-level travel time spent in this place.
 C = Inter-level travel time spent in this place.
 D = Time resting spent in this place.
 E = Time spent auto-exploring this place.
 F = Levels seen in this place.
 G = Mean time per level.
                   A        B        C        D        E       F      G
               +--------+--------+--------+--------+--------+-----+--------+
         Total |   2900 |   2794 |    106 |     16 |   2282 |   6 |  483.3 |
       Dungeon |   2823 |   2717 |    106 |     16 |   2282 |   5 |  564.6 |
        Temple |     76 |     76 |      0 |      0 |      0 |   1 |   76.0 |
               +--------+--------+--------+--------+--------+-----+--------+

Top non-repeatable levels by time:
     D:1: 1001 daAuts
     D:2: 666 daAuts
     D:3: 503 daAuts
     D:4: 421 daAuts
     D:5: 230 daAuts
  Temple: 76 daAuts
